 Seeded DCSS version 0.28-a0-1286-g6bde065e89 (webtiles) character file.

Game seed: 4200142385990743409 (custom seed)

686 croobank the Insei (level 7, -5/46 HPs)
             Began as an Octopode Transmuter on Dec 26, 2021.
             Was an Initiate of Vehumet.
             Slain by an ice beast (12 damage)
             ... on level 5 of the Dungeon.
             The game lasted 00:28:03 (4435 turns).

croobank the Insei (Octopode Transmuter)            Turns: 4435, Time: 00:28:03

Health: -5/46      AC:  1    Str: 20    XL:     7   Next: 62%
Magic:  11/12      EV: 15    Int: 15    God:    Vehumet [......]
Gold:   120        SH:  0    Dex: 19    Spells: 3/13 levels left

rFire   . . .      SeeInvis .     - Unarmed
rCold   . . .      Faith    .   (no shield)
rNeg    + + .      Spirit   .   (helmet currently unavailable)
rPois   .          Reflect  .   (no amulet)
rElec   .          Harm     .   i - ring "Tautinie" {rN++ Str+5 Dex+6}
rCorr   .          Rampage  .   c - ring of Aguezuna {Will+ Str+4}
Will    +....                   (no ring)
Stlth   +++.......              (no ring)
HPRegen 0.15/turn               (no ring)
MPRegen 0.13/turn               (no ring)
                                (no ring)
                                (no ring)

@: appendages (expiring)
A: tentacle spike 3, almost no armour, amphibious, 8 rings, camouflage 1,
gelatinous body 1, (nimble swimmer 1), tentacles
a: End Transformation, Renounce Religion


You were on level 5 of the Dungeon.
You worshipped Vehumet.
Vehumet was noncommittal.
One of your tentacles had grown a beastly spike.
You visited 1 branch of the dungeon, and saw 5 of its levels.

You collected 120 gold pieces.

Inventory:

Hand Weapons
 a - a +0 short sword
 f - a +0 rapier
 h - a +0 mace
 k - a +0 scimitar
 m - a +0 falchion of electrocution
 p - a +0 whip
 u - a +1 dagger of venom
 y - a +0 trident
Missiles
 b - 44 stones
 d - 49 arrows
 e - 27 sling bullets
Magical Staves
 j - a staff of air
 s - a staff of conjuration
Jewellery
 c - the ring of Aguezuna (right tentacle) {Will+ Str+4}
   (You acquired it on level 2 of the Dungeon)

   [ring of willpower]

   Str:       It affects your strength (+4).
   Will:      It increases your willpower.
 i - the ring "Tautinie" (left tentacle) {rN++ Str+5 Dex+6}
   (You acquired it on level 2 of the Dungeon)

   [ring of dexterity]

   Str:       It affects your strength (+5).
   Dex:       It affects your dexterity (+6).
   rN:        It greatly protects you from negative energy.
Scrolls
 g - 2 scrolls of enchant weapon {ench weap, unknown}
 l - a scroll of fog
 n - 2 scrolls of teleportation
Potions
 o - a potion of curing
 q - 2 potions of brilliance
 r - a potion of cancellation


   Skills:
 + Level 3.6 Fighting
 + Level 4.0 Dodging
 + Level 4.6 Unarmed Combat
 + Level 3.8 Spellcasting
 + Level 4.0 Transmutations


You had 3 spell levels left.
You knew the following spells:

 Your Spells              Type           Power      Damage    Failure   Level
a - Beastly Appendage     Tmut           30%        N/A       3%          1
b - Wereblood             Tmut           15%        N/A       5%          2
c - Frozen Ramparts       Ice            4%         1d2       50%         3
d - Ice Form              Ice/Tmut       9%         N/A       61%         4

Your spell library contained the following spells:

 Spells                   Type           Power      Damage    Failure   Level
 Spider Form              Tmut/Pois      9%         N/A       24%         3
 Summon Ice Beast         Ice/Summ       2%         N/A       88%         4


Dungeon Overview and Level Annotations

Branches:
Dungeon (5/15)
 Temple: D:4-7

Altars:
Vehumet


Innate Abilities, Weirdness & Mutations

One of your tentacles has grown a beastly spike.
You cannot wear most types of armour.
You are amphibious.
You can wear up to eight rings at the same time.
Your skin changes colour to match your surroundings (Stealth+).
Your rubbery body absorbs attacks. (AC +1, EV +1)
((You are camouflaged when in or above water. (Stealth+)))
You have tentacles for arms and can constrict up to eight enemies at once.


Message History

You destroy the phantom!
Vehumet accepts your kill.
Your Dodging skill increases to level 4!
Your Transmutations skill increases to level 4!
Your magical contamination has completely faded away.
Your transformation is almost over.
Casting: Wereblood (safe; 5% risk of failure)
Confirm with . or Enter, or press ? or * to list all spells.
You extend your transformation's duration.
You barely miss the ice beast. You tentacle-slap the ice beast.
The ice beast is lightly wounded.
The ice beast closely misses you.
You completely miss the ice beast.
You squeeze the ice beast, but do no damage.
The ice beast closely misses you.
You tentacle-slap the ice beast.
Your tentacle spike misses the ice beast.
The ice beast is moderately wounded.
The ice beast hits you. The ice beast freezes you!
You tentacle-slap the ice beast but do no damage.
The ice beast is moderately wounded.
The ice beast completely misses you.
You completely miss the ice beast.
Your tentacle spike misses the ice beast.
Your squeeze misses the ice beast.
The ice beast is moderately wounded.
The ice beast hits you. The ice beast freezes you!
You bludgeon the ice beast!
You pierce the ice beast.
The ice beast is severely wounded.
Your transformation is almost over.
The ice beast hits you.
* * * LOW HITPOINT WARNING * * *
The ice beast freezes you!
* * * LOW HITPOINT WARNING * * *
Okay, then.
Okay, then.
You feel better. The ice beast hits you.
* * * LOW HITPOINT WARNING * * *
The ice beast freezes you!
You die...

......... #.. ......#
.... ....# #..
#...### #.## #.....##
##..###......##
##....##.......##
##......#........##
##...##@...........#
##......#Y..###....##
##........#..# ######
##..........#.#
##...........##.#
##..#.........# .# ##
##..##.........# .#
.###..###.........#
#.
.....###.........## .


You could see an ice beast.

Vanquished Creatures
  Eustachio (D:4)
  A black bear (D:4)
  A necrophage (D:4)
  2 phantoms
  A hound (D:5)
  A centaur skeleton (D:4)
  Jessica (D:2)
  2 gnolls (D:2)
  2 adders
  An adder skeleton (D:4)
  A worm (D:2)
  2 dart slugs
  4 orcs
  12 endoplasms
  4 giant cockroaches
  11 goblins
  7 hobgoblins
  4 jackals (D:2)
  6 kobolds
  3 quokkas
  2 ball pythons
  4 bats (D:1)
  4 frilled lizards
  5 rats
82 creatures vanquished.

Notes
Turn   | Place    | Note
-------+----------+-------------------------------------------
     0 | D:1      | croobank the Octopode Transmuter began the quest for the
                  | Orb.
     0 | D:1      | Reached XP level 1. HP: 13/13 MP: 3/3
    69 | D:1      | Found a faded altar of an unknown god.
   215 | D:1      | Reached XP level 2. HP: 10/18 MP: 1/5
   613 | D:1      | Learned a level 2 spell: Wereblood
   785 | D:1      | Reached XP level 3. HP: 23/23 MP: 4/6
  1275 | D:2      | Noticed Jessica
  1284 | D:2      | Killed Jessica
  1337 | D:2      | Reached XP level 4. HP: 27/29 MP: 5/7
  1454 | D:2      | Identified 2 scrolls of acquirement {acq}
  1454 | D:2      | Acquired the ring "Tautinie" {rN++ Str+5 Dex+6}
  1474 | D:2      | Acquired the ring of Aguezuna {Will+ Str+4}
  2611 | D:3      | Reached XP level 5. HP: 34/34 MP: 7/9
  3046 | D:3      | Learned a level 3 spell: Frozen Ramparts
  3191 | D:4      | Noticed a black bear
  3404 | D:4      | Noticed a phantom
  3416 | D:4      | Killed a phantom
  3600 | D:4      | Reached XP level 6. HP: 41/41 MP: 8/10
  3644 | D:4      | Found a radiant altar of Vehumet.
  3842 | D:4      | Killed a black bear
  3902 | D:4      | Noticed Eustachio
  3907 | D:4      | Killed Eustachio
  3908 | D:4      | Reached XP level 7. HP: 44/46 MP: 7/12
  3975 | D:4      | Became a worshipper of Vehumet
  4305 | D:5      | Entered Level 5 of the Dungeon
  4382 | D:5      | Learned a level 4 spell: Ice Form
  4435 | D:5      | Slain by an ice beast

Illustrated notes

Levels and vault maps discovered:
D:1:      dpeg_arrival_fog, layout_loops_ring, nicolae_ecumenical_lake_church,
          chequers_mini_garden
D:2:      layout_basic, uniq_jessica
D:3:      layout_basic, chequers_decorated_corner
D:4:      layout_rooms, vehumet_crystals, minmay_misc_feat_pillars,
          uniq_eustachio
D:5:      layout_cave_pods, serial_bayou_pond_c

Skill      XL: |  1  2  3  4  5  6  7 |
---------------+----------------------+-----
Fighting       | 2 3 |  3.6
Dodging        | 3 4 |  4.0
Spellcasting   | 3 |  3.8
Transmutations | 3 4 |  4.0
Unarmed Combat | 4 |  4.6

Action                   |  1- 3 |  4- 6 |  7- 9 || total
-------------------------+-------+-------+-------++-------
Melee: Unarmed           |    55 |    85 |    22 ||   162
       Constrict         |    16 |    21 |     3 ||    40
       Tentacles         |     8 |    14 |     7 ||    29
       Punch             |     1 |     3 |     1 ||     5
       Kick              |    10 |    40 |    11 ||    61
 Cast: Beastly Appendage |    16 |    29 |     9 ||    54
       Wereblood         |     1 |     8 |     1 ||    10
  Use: Scroll            |       |    10 |       ||    10
       Potion            |       |     4 |     2 ||     6
 Stab: Sleeping          |     3 |     8 |     2 ||    13
Armor: Skin              |     4 |    10 |       ||    14
Dodge: Dodged            |    35 |    37 |    10 ||    82

Table legend: (Time is in decaauts)
 A = Elapsed time spent in this place.
 B = Non-inter-level travel time spent in this place.
 C = Inter-level travel time spent in this place.
 D = Time resting spent in this place.
 E = Time spent auto-exploring this place.
 F = Levels seen in this place.
 G = Mean time per level.
                   A        B        C        D        E       F      G
               +--------+--------+--------+--------+--------+-----+--------+
         Total |   4428 |   4197 |    231 |    802 |   2194 |   5 |  885.6 |
       Dungeon |   4428 |   4197 |    231 |    802 |   2194 |   5 |  885.6 |
               +--------+--------+--------+--------+--------+-----+--------+

Top non-repeatable levels by time:
     D:1: 1233 daAuts
     D:2: 1172 daAuts
     D:3: 950 daAuts
     D:4: 942 daAuts
     D:5: 128 daAuts
